AoeStats
← audi_225

QS Arena

503171437Analyzed
2v2 RM · 1mo ago on Aug 30, 2026· 40m 4s· 4 players
Game mode
Random Map
Map size
Medium (4 player)
Population
200
Speed
Normal
Resources
Standard
Victory
Conquest
Starting age
Dark Age
Ending age
Imperial Age
RankedLock teamsTeams togetherTeam positionsShared explorationLock speedFull tech treeHidden civsTurbo modeCheats
Victory
Defeat
🇺🇦 Hindustanis · Ukraine
1448
+9
🇳🇱 Dravidians · Netherlands
1435
+10
🇨🇱 Tatars · Chile
1300
-10
🇨🇱 Spanish · Chile
1294
-10
ImStillNakedBTW
8:57 Feudal Age
12:56 Castle Age
10:50 Horse Collar
11:59 Double-Bit Axe
15:02 Bow Saw
16:04 Heavy Plow
22:52 Wheelbarrow
24:31 Hand Cart
25:31 Fletching
25:34 Pikeman
26:16 Squires
26:02 Arson
26:14 Gold Mining
29:19 Imperial Age
26:35 Loom
26:36 Town Watch
26:52 Stone Mining
27:17 Fortified Wall
27:10 Scale Mail Armor
27:24 Town Patrol
28:21 Chain Mail Armor
28:27 Forging
30:05 Forging
29:23 Halberdier
30:26 Wootz Steel
30:27 Conscription
31:11 Plate Mail Armor
30:31 Gambesons
30:07 Man-at-Arms
31:53 Iron Casting
30:58 Long Swordsman
32:45 Chemistry
31:37 Two-Handed Swordsman
33:53 Blast Furnace
33:20 Bodkin Arrow
33:32 Champion
36:37 Bracer
36:37 Padded Archer Armor
37:26 Thumb Ring
37:29 Elite Elephant Archer
38:57 Leather Archer Armor
40:09 Ring Archer Armor
audi_225
7:53 Feudal Age
8:05 Loom
11:54 Castle Age
9:41 Double-Bit Axe
10:43 Fletching
16:08 Wheelbarrow
18:42 Bodkin Arrow
21:35 Bow Saw
22:22 Ballistics
22:21 Gold Mining
27:03 Imperial Age
24:46 Padded Archer Armor
26:06 Leather Archer Armor
25:57 Scale Barding Armor
26:05 Husbandry
26:31 Bloodlines
26:19 Light Cavalry
27:21 Forging
27:37 Thumb Ring
28:14 Bracer
28:20 Horse Collar
29:45 Chemistry
31:13 Chain Barding Armor
31:44 Heavy Camel Rider
35:05 Town Watch
34:44 Imperial Camel Rider
37:34 Heavy Plow
39:15 Gold Shaft Mining
38:30 Stone Mining
38:28 Heavy Cavalry Archer
40:16 Ring Archer Armor
40:21 Plate Barding Armor
40:39 Conscription
Darkoz de Aggressor
8:52 Feudal Age
10:36 Loom
13:53 Castle Age
15:12 Bloodlines
15:05 Padded Archer Armor
22:17 Horse Collar
22:44 Double-Bit Axe
26:02 Bow Saw
26:12 Heavy Plow
25:54 Elite Skirmisher
27:23 Wheelbarrow
27:18 Elite Skirmisher
27:51 Fletching
28:17 Leather Archer Armor
28:28 Bodkin Arrow
30:20 Ballistics
30:03 Gold Mining
30:29 Thumb Ring
30:15 Town Watch
33:52 Imperial Age
32:29 Pikeman
33:24 Squires
33:10 Gambesons
33:59 Halberdier
34:45 Bracer
35:15 Ring Archer Armor
35:24 Scale Mail Armor
35:35 Forging
36:52 Hand Cart
Kalkin
8:19 Feudal Age
12:36 Castle Age
10:30 Double-Bit Axe
11:01 Horse Collar
13:26 Gold Mining
14:15 Bow Saw
16:45 Scale Barding Armor
18:01 Loom
18:52 Heavy Plow
24:37 Gold Shaft Mining
26:59 Chain Barding Armor
26:49 Forging
27:46 Wheelbarrow
27:17 Town Watch
27:24 Stone Mining
27:44 Husbandry
27:55 Bloodlines
29:38 Iron Casting
32:06 Imperial Age
30:49 Hand Cart
30:41 Town Patrol
31:06 Padded Archer Armor
31:39 Fletching
32:08 Leather Archer Armor
32:25 Leather Archer Armor
33:04 Ballistics
32:41 Bodkin Arrow
33:27 Plate Barding Armor
33:53 Blast Furnace
34:12 Chemistry
33:51 Heavy Cavalry Archer
34:35 Bracer
35:07 Ring Archer Armor
35:32 Silk Armor
35:52 Conscription
36:41 Light Cavalry
38:58 Masonry
38:36 Hussar
Connection lost

Rejoining the realm…

Still unreachable

The connection could not be restored.

Session expired

The server has moved on; the page needs a fresh start.